 Dungeon Crawl Stone Soup version 0.29-a0-542-g075992c915 (webtiles) character file.

Game seed: 3321952329350596132

58 Abuh the Digger (level 4, -4/48 HPs)
             Began as a Gnoll Earth Elementalist on June 3, 2022.
             Killed from afar by Sigmund (5 damage)
             ... with a magic dart
             ... on level 2 of the Dungeon.
             The game lasted 00:15:45 (2013 turns).

Abuh the Digger (Gnoll Earth Elementalist)          Turns: 2013, Time: 00:15:46

Health: -4/48      AC: 22    Str:  7    XL:     4   Next: 1%
Magic:  0/11       EV:  2    Int: 17    God:
Gold:   41         SH:  0    Dex: 12    Spells: 9/13 levels left

rFire   . . .      SeeInvis .   f - +2 dagger (flame)
rCold   . . .      Faith    .   (no shield)
rNeg    . . .      Spirit   .   (body armour currently unavailable)
rPois   +          Reflect  .   (helmet currently unavailable)
rElec   .          Harm     .   (cloak currently unavailable)
rCorr   .          Rampage  .   (gloves currently unavailable)
Will    .....      NoTele   +   (boots currently unavailable)
Stlth   ++........              (no amulet)
HPRegen 0.00/turn               (no ring)
MPRegen 0.12/turn               (no ring)

@: tree-form, inhibited regen
A: stationary, stasis, torment immunity, boosted hp, (fangs 1), strong nose,
distributed training, screaming 1, inhibited regeneration
a: no special abilities


You were on level 2 of the Dungeon.
You were a tree.
You visited 1 branch of the dungeon, and saw 2 of its levels.

You collected 41 gold pieces.

Inventory:

Hand Weapons
 f - a +2 dagger of flaming (weapon)
Missiles
 a - 57 stones
Armour
 b - a +0 robe (melded)
 i - a +0 cloak (melded)
Magical Staves
 j - a staff of cold
Scrolls
 g - 2 scrolls of identify
 h - a scroll of torment
Potions
 c - a potion of magic


   Skills:
 + Level 1.0 Fighting
 + Level 1.0 Short Blades
 + Level 1.0 Long Blades
 + Level 1.0 Axes
 + Level 1.0 Maces & Flails
 + Level 1.0 Polearms
 + Level 1.0 Staves
 + Level 1.0 Slings
 + Level 1.0 Bows
 + Level 1.0 Crossbows
 + Level 1.0 Throwing
 + Level 1.0 Armour
 + Level 4.6 Dodging
 + Level 4.2 Stealth
 + Level 1.0 Shields
 + Level 1.0 Unarmed Combat
 + Level 5.0 Spellcasting
 + Level 0.7 Conjurations
 + Level 0.7 Hexes
 + Level 0.7 Summonings
 + Level 0.7 Necromancy
 + Level 0.7 Translocations
 + Level 2.2 Transmutations
 + Level 0.7 Fire Magic
 + Level 0.7 Ice Magic
 + Level 0.7 Air Magic
 + Level 5.4 Earth Magic
 + Level 0.7 Poison Magic
 + Level 1.1 Invocations
 + Level 1.0 Evocations


You had 9 spell levels left.
You knew the following spells:

 Your Spells              Type           Power      Damage    Failure   Level
a - Sandblast             Erth           44%        2d11      1%          1
b - Stone Arrow           Conj/Erth      28%        3d8       12%         3

Your spell library contained the following spells:

 Spells                   Type           Power      Damage    Failure   Level
 Passwall                 Tmut/Erth      14%        N/A       4%          2
 Magic Dart               Conj           24%        1d4       11%         1
 Searing Ray              Conj           12%        2d4       16%         2
 Petrify                  Tmut/Erth      17%        N/A       28%         4
 Fulminant Prism          Conj/Hex       3%         3d6       71%         4


Dungeon Overview and Level Annotations

Branches:
Dungeon (2/15)

Altars:

Annotations:
D:2 Sigmund


Innate Abilities, Weirdness & Mutations

You are a tree.
Your roots penetrate the ground, keeping you stationary.
You cannot be teleported.
You are immune to unholy pain and torment.
Your maximum health is greatly increased.
Your equipment is partially melded.
((You have very sharp teeth.))
Your uncanny sense of smell can sniff out nearby items.
Your experience applies equally to all skills.
You occasionally shout uncontrollably at your foes.
You do not regenerate when monsters are visible.


Message History

There is a strange disturbance nearby!
There is a strange disturbance nearby!
You hear some strange, mumbled words.
Something tries to affect you, but you resist.
A magic dart appears from out of thin air!
The magic dart hits you but does no damage.
Something hits you but does no damage.
Aiming: Sandblast (safe; 1% risk of failure)
Press: ? - help, Q - select action, (/) - cycle Shift-Dir - straight line The blast of sand hits something.
Aiming: Sandblast (safe; 1% risk of failure)
Press: ? - help, Q - select action, (/) - cycle Shift-Dir - straight line Something hits you but does no damage.
Aiming: Sandblast (safe; 1% risk of failure)
Press: ? - help, Q - select action, (/) - cycle Shift-Dir - straight line You hear some strange, mumbled words.
Something tries to affect you, but you resist.
Aiming: Sandblast (safe; 1% risk of failure)
Press: ? - help, Q - select action, (/) - cycle Shift-Dir - straight line The blast of sand hits something!
Something hits you but does no damage.
Aiming: Sandblast (safe; 1% risk of failure)
Press: ? - help, Q - select action, (/) - cycle Shift-Dir - straight line You cannot move.
You cannot move.
You don't have enough magic to cast this spell.
You cannot move.
You cannot move.
You don't have enough magic to cast this spell.
Something hits you but does no damage.
Aiming: Sandblast (safe; 1% risk of failure)
Press: ? - help, Q - select action, (/) - cycle Shift-Dir - straight line Something hits you!
* * * LOW HITPOINT WARNING * * *
You don't have enough magic to cast this spell.
You cannot move.
You cannot move.
A magic dart appears from out of thin air!
The magic dart hits you.
You die...

#### #.#.............
#..###.#..##.#.....##
#......##.##.###)....
#..#....#....###..###
##.#.##..>.....#>...
##......#.####.###...
##.........# # ##.
#..........# .
#....♣.....##
#...<.......#
#.....{.....###
#.............# .#
##.........##.# #.
##.........## . ..
#...†.......###. .#
#............##.###.#
#..........#.##...#.#


There were no monsters in sight!

Vanquished Creatures
  An adder (D:2)
  2 worms (D:2)
  A dart slug (D:1)
  2 bats (D:1)
  6 endoplasms
  5 goblins (D:2)
  3 hobgoblins
  4 jackals (D:1)
  3 kobolds
  4 quokkas (D:1)
  2 frilled lizards
  2 rats (D:1)
35 creatures vanquished.

Vanquished Creatures (others)
  9 plants (D:1)
9 creatures vanquished.

Grand Total: 44 creatures vanquished

Notes
Turn   | Place    | Note
-------+----------+-------------------------------------------
     0 | D:1      | Abuh the Gnoll Earth Elementalist began the quest for the
                  | Orb.
     0 | D:1      | Reached XP level 1. HP: 13/13 MP: 6/6
   350 | D:1      | Reached XP level 2. HP: 19/19 MP: 5/7
   526 | D:1      | Found a faded altar of an unknown god.
   749 | D:1      | Reached XP level 3. HP: 25/25 MP: 2/9
   843 | D:1      | Learned a level 3 spell: Stone Arrow
   905 | D:1      | Reached skill level 5 in Spellcasting
  1267 | D:2      | Noticed Sigmund
  1491 | D:1      | Gained mutation: You occasionally shout uncontrollably at
                  | your foes. [potion of mutation]
  1491 | D:1      | Gained mutation: You do not regenerate when monsters are
                  | visible. [potion of mutation]
  1683 | D:2      | Reached skill level 1 in Invocations
  1746 | D:2      | Reached skill level 1 in Fighting
  1746 | D:2      | Reached skill level 1 in Short Blades
  1746 | D:2      | Reached skill level 1 in Long Blades
  1746 | D:2      | Reached skill level 1 in Axes
  1746 | D:2      | Reached skill level 1 in Maces & Flails
  1746 | D:2      | Reached skill level 1 in Polearms
  1746 | D:2      | Reached skill level 1 in Staves
  1746 | D:2      | Reached skill level 1 in Slings
  1746 | D:2      | Reached skill level 1 in Bows
  1746 | D:2      | Reached skill level 1 in Crossbows
  1746 | D:2      | Reached skill level 1 in Throwing
  1746 | D:2      | Reached skill level 1 in Armour
  1746 | D:2      | Reached skill level 1 in Shields
  1746 | D:2      | Reached skill level 1 in Unarmed Combat
  1746 | D:2      | Reached skill level 1 in Evocations
  1914 | D:2      | Reached XP level 4. HP: 32/32 MP: 6/11
  2011 | D:2      | HP: 1/48 [something (11)]
  2013 | D:2      | Killed from afar by Sigmund

Illustrated notes

Levels and vault maps discovered:
D:1:      erik_arrival_triangle_small, layout_loops_ring,
          hellmonk_ecumenical_altar_pennies_from_heaven, serial_bayou,
          serial_bayou_lagoon_a, serial_bayou_crossing, serial_bayou_lake_a,
          serial_bayou_ford_a, serial_bayou_pond_d
D:2:      layout_rooms, uniq_sigmund, uniq_crazy_yiuf_cottage

Skill      XL: |  1  2  3 |
---------------+----------+-----
Transmutations | 2 |  2.2
Spellcasting   | 5 |  5.0
Invocations    | 1 |  1.1
Fighting       | 1 |  1.0
Short Blades   | 1 |  1.0
Long Blades    | 1 |  1.0
Axes           | 1 |  1.0
Maces & Flails | 1 |  1.0
Polearms       | 1 |  1.0
Staves         | 1 |  1.0
Slings         | 1 |  1.0
Bows           | 1 |  1.0
Crossbows      | 1 |  1.0
Throwing       | 1 |  1.0
Armour         | 1 |  1.0
Shields        | 1 |  1.0
Unarmed Combat | 1 |  1.0
Evocations     | 1 |  1.0
Dodging        | |  4.6
Stealth        | |  4.2
Conjurations   | |  0.7
Hexes          | |  0.7
Summonings     | |  0.7
Necromancy     | |  0.7
Translocations | |  0.7
Fire Magic     | |  0.7
Ice Magic      | |  0.7
Air Magic      | |  0.7
Earth Magic    | |  5.4
Poison Magic   | |  0.7

Action                   |  1- 3 |  4- 6 || total
-------------------------+-------+-------++-------
Melee: Unarmed           |    12 |       ||    12
       Bite              |     1 |       ||     1
       Dagger            |    11 |       ||    11
 Cast: Sandblast         |    55 |    17 ||    72
       Stone Arrow       |     3 |       ||     3
  Use: Scroll            |     3 |       ||     3
       Potion            |     2 |     2 ||     4
Armor: Robe              |     7 |       ||     7
       Skin              |       |     6 ||     6
Dodge: Dodged            |    27 |     5 ||    32

Table legend: (Time is in decaauts)
 A = Elapsed time spent in this place.
 B = Non-inter-level travel time spent in this place.
 C = Inter-level travel time spent in this place.
 D = Time resting spent in this place.
 E = Time spent auto-exploring this place.
 F = Levels seen in this place.
 G = Mean time per level.
                   A        B        C        D        E       F      G
               +--------+--------+--------+--------+--------+-----+--------+
         Total |   2100 |   1993 |    107 |    474 |   1045 |   2 | 1050.0 |
       Dungeon |   2100 |   1993 |    107 |    474 |   1045 |   2 | 1050.0 |
               +--------+--------+--------+--------+--------+-----+--------+

Top non-repeatable levels by time:
     D:1: 1707 daAuts
     D:2: 393 daAuts
